 Dungeon Crawl Stone Soup version 0.26.0-45-g9c1d065592 (webtiles) character file.

Game seed: 950137008434485964

70 Kejsarherre the Chopper (level 4, -1/39 HPs)
             Began as a Hill Orc Monk on Jan 29, 2021.
             Was a Follower of Beogh.
             Succumbed to a scorpion's poison
             ... on level 4 of the Dungeon.
             The game lasted 00:03:53 (1463 turns).

Kejsarherre the Chopper (Hill Orc Monk)             Turns: 1463, Time: 00:03:54

Health: -1/39      AC:  6    Str: 14    XL:     4   Next: 22%
Magic:  1/4        EV: 11    Int: 10    God:    Beogh [*.....]
Gold:   114        SH:  0    Dex: 13    Spells: 3/3 levels left

rFire    . . .     SeeInvis .   a - +0 hand axe
rCold    . . .     Faith    .   (no shield)
rNeg     . . .     Spirit   .   j - +0 ring mail
rPois    .         Reflect  .   (no helmet)
rElec    .         Harm     .   d - +0 cloak
rCorr    .         Rampage  .   (no gloves)
Will     .....                  (no boots)
Stlth    +.........             (no amulet)
HPRegen  0.13/turn              (no ring)
MPRegen  0.09/turn              (no ring)

@: brilliant, lethally poisoned (-1 -> -24)
A: no striking features
a: Renounce Religion


You were on level 4 of the Dungeon.
You worshipped Beogh.
Beogh was aware of your devotion.
You visited 1 branch of the dungeon, and saw 4 of its levels.

You collected 114 gold pieces.

Inventory:

Hand Weapons
 a - a +0 hand axe (weapon)
Missiles
 b - 8 javelins (quivered)
Armour
 d - a +0 cloak (worn)
 j - a +0 ring mail (worn)
Scrolls
 c - a scroll of fear {unknown}
 g - a scroll of magic mapping {unknown}
 h - a scroll of teleportation {unknown}
 i - a scroll of identify {unknown}
Potions
 e - 3 potions of brilliance


   Skills:
 - Level 3.6 Fighting
 + Level 6.0 Axes
 + Level 1.9 Armour
 - Level 2.4 Dodging
 - Level 1.5 Stealth


You had 3 spell levels left.
You didn't know any spells.
Your spell library was empty.

Dungeon Overview and Level Annotations

Branches:
Dungeon (4/15)
 Temple: D:4-7

Altars:
Ashenzari
Gozag
Trog


Message History

The scorpion poisons you!
Unknown command.
Unknown command.
You aren't carrying any items that you can evoke.
You fail to use your ability.
You feel sick. The scorpion stings you.
* * * LOW HITPOINT WARNING * * *
Aiming: Smiting
Press: ? - help, Dir - move target, f - scorpion Smite: a scorpion You smite the scorpion!
The scorpion is heavily wounded.
You can no longer smite your foes.
* * * LOW HITPOINT WARNING * * *
You feel sick. The scorpion stings you.
* * * LOW HITPOINT WARNING * * *
Unknown command.
Unknown command.
You closely miss the scorpion.
The scorpion is heavily wounded.
You die...

######### #########
#.......# ........#
#.......# ........#
####.......#
........####....o.....#
.......hos@..##.......#
...$h....######..o.>..#
.##....### #.......# #
....#.# ##..##### ..
####..# #..## .# #.
##....# ###.##
.#.#.##..##.# #...#
...#......#.## #.###
$......[.....# #.#


You could see a scorpion, an orc wizard, 2 jackals and a neutral orc priest
(wandering).

Vanquished Creatures
  4 adders
  A dart slug (D:2)
  2 leopard geckos
  2 orcs (D:3)
  4 ball pythons
  5 goblins
  2 hobgoblins (D:3)
  A bat (D:3)
  A frilled lizard (D:4)
  3 kobolds (D:3)
  4 rats
29 creatures vanquished.

Notes
Turn   | Place    | Note
-------+----------+-------------------------------------------
     0 | D:1      | Kejsarherre the Hill Orc Monk began the quest for the Orb.
     0 | D:1      | Reached XP level 1. HP: 19/19 MP: 1/1
   111 | D:1      | Reached XP level 2. HP: 21/26 MP: 2/2
   162 | D:2      | Found a broken altar of Ashenzari.
   162 | D:2      | Found a bloodstained altar of Trog.
   162 | D:2      | Found an opulent altar of Gozag.
   263 | D:2      | Reached skill level 5 in Axes
   403 | D:2      | Reached XP level 3. HP: 16/31 MP: 3/3
   735 | D:3      | Reached skill level 1 in Armour
  1072 | D:3      | Reached XP level 4. HP: 27/39 MP: 4/4
  1155 | D:4      | Noticed an ogre
  1426 | D:4      | Became a worshipper of Beogh the Brigand
  1426 | D:4      | Reached * piety under Beogh
  1426 | D:4      | Reached ** piety under Beogh
  1456 | D:4      | Reached skill level 6 in Axes
  1462 | D:4      | HP: 1/39 [scorpion (6)]
  1463 | D:4      | Succumbed to a scorpion's poison

Illustrated notes

Levels and vault maps discovered:
D:1:      dpeg_arrival_three_same_balls, layout_basic, chequers_decorated_corner
D:2:      layout_basic, lemuel_doored_altar, old_standard_altar,
          chequers_temple_overflow_statue_of_worship, nicolae_underground_beach,
          uniq_natasha
D:3:      layout_loops_ring
D:4:      layout_rooms, supply_closet_lemuel, okawaru_ov_weapons_minmay

Skill      XL: |  1  2  3  4 |
---------------+-------------+-----
Axes           | 5 6 |  6.0
Armour         | 1 |  1.9
Fighting       | |  3.6
Dodging        | |  2.4
Stealth        | |  1.5

Action                   |  1- 3 |  4- 6 || total
-------------------------+-------+-------++-------
Melee: Hand axe          |    77 |    28 ||   105
Invok: Smiting           |       |     1 ||     1
       Convert to Beogh  |       |     1 ||     1
  Use: Potion            |       |     1 ||     1
 Stab: Distracted        |     1 |       ||     1
       Sleeping          |     1 |       ||     1
Armor: Leather armour    |    18 |       ||    18
       Robe              |     3 |       ||     3
       Ring mail         |     6 |    10 ||    16
Dodge: Dodged            |    58 |    18 ||    76
